 Dungeon Crawl Stone Soup version 0.25-a0-166-g16436c4407 (webtiles) character file.

Game seed: 7185835844883235165, levelgen mode: deterministic

49537 RedPan the Nimble (level 14, -2/118 HPs)
             Began as a Grey Draconian Ice Elementalist on Nov 23, 2019.
             Was a High Priest of Sif Muna.
             Slain by a stone giant (36 damage)
             ... on level 2 of the Orcish Mines.
             The game lasted 01:19:16 (26528 turns).

RedPan the Nimble (DrIE)                           Turns: 26528, Time: 01:19:17

Health: -2/118     AC: 25    Str: 11    XL:     14   Next: 16%
Magic:  23/37      EV: 18    Int: 20    God:    Sif Muna [*****.]
Gold:   2055       SH:  8    Dex: 12    Spells: 16/33 levels left

rFire    + . .     SeeInvis .   d - +8 demon whip (elec)
rCold    + . .     Gourm    .   p - +3 buckler {AC+3}
rNeg     . . .     Faith    .   (armour unavailable)
rPois    .         Spirit   .   V - +2 hat {MR+}
rElec    .         Reflect  .   E - scarf {rC+ rF+}
rCorr    .         Harm     .   W - +2 pair of gloves
MR       ++...                  M - +1 pair of boots
Stlth    ++........             e - amulet of magic regeneration
HPRegen  0.29/turn              y - +2 ring of protection
MPRegen  0.50/turn              s - ring of magical power

@: no status effects
A: walk through water, unfitting armour, unbreathing, cold-blooded, AC +13
a: Channel Magic, Forget Spell, Divine Exegesis, Renounce Religion


You were on level 2 of the Orcish Mines.
You worshipped Sif Muna.
Sif Muna was extremely pleased with you.
You were not hungry.

You visited 3 branches of the dungeon, and saw 21 of its levels.
You also visited: Sewer.

You collected 2850 gold pieces.
You spent 795 gold pieces at shops.

Inventory:

Hand Weapons
 d - a +8 demon whip of electrocution (weapon)
 f - the +8 lance "Wyrmbane" {slay drac, rPois rF+ rC+ AC+3}
   (You found it on level 6 of the Lair of Beasts)

   It affects your AC (+3).
   It protects you from fire.
   It protects you from cold.
   It protects you from poison.
 g - the +6 trident "Wubuvim" {flame, Str+2}
   (You found it on level 3 of the Lair of Beasts)

   It has been specially enchanted to burn those struck by it, causing extra
   injury to most foes and up to half again as much damage against particularly
   susceptible opponents.
   It affects your strength (+2).
Armour
 p - a +3 buckler of protection (worn)
 r - a +2 cloak
 E - a scarf of resistance (worn)
 M - a +1 pair of boots (worn)
 V - a +2 hat of magic resistance (worn)
 W - a +2 pair of gloves (worn)
Magical Staves
 R - an uncursed staff of air
Jewellery
 c - the ring "Reucef" {+Fly rC+}
   (You acquired it on level 2 of the Lair of Beasts)

   [ring of flight]

   It protects you from cold.
   It lets you fly.
 e - an amulet of magic regeneration (around neck)
 s - a ring of magical power (right hand)
 v - an uncursed ring of protection from fire
 y - a +2 ring of protection (left hand)
 F - an uncursed ring of protection from magic
 G - an uncursed ring of positive energy
 L - an uncursed ring of protection from fire
Wands
 k - a wand of paralysis (5)
 q - a wand of flame (52)
 C - a wand of enslavement (16)
 J - a wand of polymorph (14)
 K - a wand of random effects (40)
 T - a wand of acid (12)
Scrolls
 a - 8 scrolls of teleportation
 h - 2 scrolls of enchant armour
 u - a scroll of fear
 x - 6 scrolls of magic mapping
 A - 4 scrolls of identify
 H - 6 scrolls of blinking
 I - 3 scrolls of fog
 O - 4 scrolls of remove curse
 P - a scroll of silence
 U - 6 scrolls of amnesia
Potions
 i - a potion of ambrosia
 j - 4 potions of haste
 l - 2 potions of brilliance
 m - 3 potions of berserk rage
 o - 2 potions of magic
 t - a potion of lignification
 w - 4 potions of curing
 z - 5 potions of agility
 D - 4 potions of mutation
 N - 2 potions of might
Comestibles
 b - 30 rations
 n - 6 chunks of flesh


   Skills:
 - Level 9.0 Fighting
 + Level 9.1 Maces & Flails
 + Level 10.9 Dodging
 - Level 2.0 Stealth
 + Level 5.9 Shields
 - Level 10.0 Spellcasting
 - Level 9.0 Conjurations
 - Level 5.1 Summonings
 - Level 7.0 Ice Magic
 + Level 0.7 Earth Magic
 + Level 8.5 Invocations


You had 16 spell levels left.
You knew the following spells:

 Your Spells              Type           Power        Failure   Level  Hunger
a - Freeze                Ice            ####         1%          1    None
b - Summon Ice Beast      Ice/Summ       ####....     6%          4    ##.....
c - Throw Icicle          Conj/Ice       #####...     2%          4    ##.....
d - Lehudib's Crystal Sp  Conj/Erth      ####......   100%        8    #######

Your spell library contained the following spells:

 Spells                   Type           Power        Failure   Level  Hunger
 Flame Tongue             Conj/Fire      ####.        1%          1    None
 Summon Small Mammal      Summ           ####         1%          1    None
 Call Imp                 Summ           ####....     1%          2    None
 Throw Frost              Conj/Ice       #####.       1%          2    None
 Call Canine Familiar     Summ           ####....     2%          3    None
 Conjure Flame            Conj/Fire      ####....     3%          3    None
 Ozocubu's Armour         Chrm/Ice       ###.....     4%          3    None
 Animate Skeleton         Necr           N/A          7%          1    None
 Apportation              Tloc           ##....       7%          1    None
 Confusing Touch          Hex            ##....       7%          1    None
 Corona                   Hex            ##.....      7%          1    None
 Pain                     Necr           ##..         7%          1    None
 Recall                   Summ/Tloc      N/A          8%          3    None
 Summon Guardian Golem    Hex/Summ       ###.....     8%          3    None
 Slow                     Hex            ##......     11%         2    None
 Force Lance              Conj/Tloc      ####....     11%         4    ##.....
 Ice Form                 Ice/Tmut       ###.....     16%         4    ##.....
 Inner Flame              Hex/Fire       ##......     21%         3    None
 Portal Projectile        Hex/Tloc       ##....       21%         3    None
 Regeneration             Chrm/Necr      ##........   21%         3    None
 Vampiric Draining        Necr           ##........   21%         3    None
 Summon Lightning Spire   Summ/Air       ###.....     24%         4    ##.....
 Aura of Abjuration       Summ           ####......   24%         5    ####...
 Summon Demon             Summ           ####......   24%         5    ####...
 Bolt of Magma            Conj/Fire/Erth ###.......   45%         5    ####...
 Leda's Liquefaction      Hex/Erth       ##........   52%         4    ##.....
 Animate Dead             Necr           N/A          56%         4    ##.....
 Cause Fear               Hex            ##........   56%         4    ##.....
 Summon Forest            Summ/Tloc      ###.......   56%         5    ####...
 Summon Mana Viper        Hex/Summ       ###.....     56%         5    ####...
 Shadow Creatures         Summ           N/A          78%         6    ######.
 Summon Greater Demon     Summ           ####......   100%        7    #######
 Summon Hydra             Summ           ####......   100%        7    #######


Dungeon Overview and Level Annotations

Branches:
Dungeon (13/15)            Temple (0/1) D:5            Lair (6/6) D:9
  Swamp (0/4) Lair:3        Snake (0/4) Lair:3        Slime (0/5) Lair:6
    Orc (2/2) D:12            Elf (0/3) Orc:2         Sewer (visited)
 Vaults: D:13-14

Altars:
Ashenzari
Cheibriados
Fedhas
Gozag
Hepliaklqana
Kikubaaqudgha
Makhleb
Ru
Sif Muna
Trog
Uskayaw
Xom
Yredelemnul
Zin

Shops:
D:4 *   D:6 *   D:11 =   D:12 [

Annotations:
D:5 3 runed translucent doors, Freyura's ghost, novice TrBe
D:11 3 runed translucent doors
D:12 2 runed translucent doors, exclusion: orange crystal statue
Lair:1 exclusion: orange crystal statue
Lair:6 2 runed translucent doors, exclusion: 2 oklob plants, Protee's ghost, journeyman GnTm


Innate Abilities, Weirdness & Mutations

You can walk through water.
Your dull iron-grey scales are very hard. (AC +13)
You cannot fit into any form of body armour.
You can survive without breathing.
You are cold-blooded and may be slowed by cold attacks.


Message History

Your ice beast hits the stone giant but does no damage.
Casting: Summon Ice Beast (safe; 6% risk of failure)
Confirm with . or Enter, or press ? or * to list all spells.
Aiming: Throw Icicle (safe; 2% risk of failure)
Press: ? - help, Shift-Dir - straight line, f - stone giant
Aim: a stone giant (moderately wounded)
The shard of ice hits the stone giant!
The stone giant is heavily wounded.
You block the stone giant's attack.
Your ice beast hits the stone giant but does no damage.
Casting: Throw Icicle (safe; 2% risk of failure)
Confirm with . or Enter, or press ? or * to list all spells.
Aiming: Throw Icicle (safe; 2% risk of failure)
Press: ? - help, Shift-Dir - straight line, f/p - stone giant
Aim: a stone giant (heavily wounded)
The shard of ice hits the stone giant!
The stone giant is heavily wounded.
Your ice beast hits the stone giant but does no damage.
The stone giant hits you!!!
You die...

#....## ##..#.## #####
##......#
##.#.###....#.##
#.....###...#..##
#.....(#...#....###
#....(......#...#.#
###Y................
#.C@................
#....................
#....................
#.....................
#..#.#................
#...####..............#
#.. ###>............
... ..... .......
....#.


You could see a stone giant and a friendly ice beast.

Vanquished Creatures
  Kirke (Lair:6)
  Josephine (D:12)
  A hydra (Lair:3)
  6 catoblepae
  Erica (D:8)
  8 death yaks (Lair:6)
  An orc high priest (Orc:2)
  Nergalle (Lair:2)
  Sonja (D:11)
  2 ugly things (D:12)
  An orc sorcerer (Orc:1)
  3 cyclopes
  A manticore (Lair:6)
  A deep elf mage (D:13)
  2 black mambas
  2 elephants
  5 spiny frogs
  A centaur skeleton (D:10)
  An efreet (D:12)
  5 komodo dragons
  2 rime drakes
  2 kobold demonologists
  2 polar bears
  A troll (D:9)
  6 blink frogs
  A hornet (D:8)
  3 slime creatures (D:12)
  3 hippogriffs
  Sigmund (D:2)
  3 wraiths
  3 wyverns
  29 yaks
  A hungry ghost (D:11)
  Menkaure (D:7)
  A warg (Orc:1)
  A soldier ant (D:12)
  A porcupine (Lair:4)
  3 sky beasts
  15 orc warriors
  5 water moccasins
  A phantom (D:8)
  9 wolves
  A centaur (D:8)
  4 ogres
  3 boggarts (Lair:6)
  A crocodile (Lair:4)
  4 big kobolds
  6 bullfrogs
  3 scorpions
  7 wights
  8 killer bees
  3 electric eels (Lair:2)
  3 howler monkeys
  4 crimson imps
  14 orc priests
  3 hounds
  A bullfrog skeleton (D:6)
  Natasha (thrice) (D:4)
  Ijyb (D:3)
  2 iguanas
  10 orc wizards
  4 worker ants
  A hound zombie (D:10)
  5 river rats (Sewer)
  12 adders
  A shadow imp (D:8)
  An adder zombie (D:8)
  An adder skeleton (D:4)
  3 worms
  2 dart slugs
  7 leopard geckos
  34 orcs
  8 bats
  3 bat zombies (D:8)
  5 giant cockroaches
  11 goblins
  12 hobgoblins
  5 jackals
  38 kobolds
  6 quokkas
  4 ball pythons (Sewer)
  10 frilled lizards
  A jackal skeleton (D:8)
  A leopard gecko skeleton (D:6)
  A quokka skeleton (D:5)
  13 rats
  A rat zombie (D:8)
  A spectral orc (D:5)
  A fungus (D:2)
412 creatures vanquished.

Vanquished Creatures (collateral kills)
  Gastronok (Lair:1)
  A hydra (Lair:5)
  2 death yaks (Lair:6)
  2 two-headed ogres
  A manticore (Lair:6)
  7 elephants
  5 spiny frogs
  3 black mambas
  3 komodo dragons
  3 trolls
  2 tyrant leeches (Lair:2)
  8 blink frogs
  Grinder (D:3)
  6 hippogriffs
  2 wraiths (D:12)
  2 wyverns
  3 basilisks
  30 yaks
  2 hogs (Lair:6)
  A hungry ghost (D:9)
  3 swamp worms (Lair:3)
  6 water moccasins
  2 porcupines
  3 black bears
  8 orc warriors
  3 ogres
  A necrophage (D:7)
  A boggart (Lair:6)
  13 wolves
  5 crocodiles
  3 big kobolds
  5 bullfrogs
  A scorpion (D:8)
  A killer bee (D:10)
  6 wights (D:8)
  2 crimson imps
  2 lava snakes (Lair:1)
  A bullfrog skeleton (D:9)
  7 orc priests
  Crazy Yiuf (D:2)
  A gnoll shaman (D:7)
  An iguana (D:10)
  8 orc wizards
  A worker ant (D:7)
  11 gnolls
  Robin (D:4)
  3 adders
  A worm (D:3)
  63 orcs
  4 goblins (D:4)
  5 hobgoblins
  32 kobolds
  A quokka (D:10)
  A fungus (Lair:2)
292 creatures vanquished.

Vanquished Creatures (others)
  A human (Lair:6)
  A hog (Lair:6)
  23 fungi
  27 plants
52 creatures vanquished.

Grand Total: 756 creatures vanquished

Notes
Turn   | Place    | Note
-------+----------+-------------------------------------------
     0 | D:1      | RedPan the Draconian Ice Elementalist began the quest for
                  | the Orb.
     0 | D:1      | Reached XP level 1. HP: 14/14 MP: 3/3
   177 | D:1      | Reached XP level 2. HP: 15/20 MP: 0/5
   524 | D:1      | Found a shimmering altar of Xom.
   713 | D:1      | Reached XP level 3. HP: 18/26 MP: 2/6
  1144 | D:2      | Found a sacrificial altar of Ru.
  1188 | D:2      | Noticed Sigmund
  1215 | D:2      | Killed Sigmund
  1215 | D:2      | Reached XP level 4. HP: 8/33 MP: 0/9
  1215 | D:2      | Reached XP level 5. HP: 9/38 MP: 0/10
  1460 | D:2      | Learned a level 4 spell: Summon Ice Beast
  2174 | D:2      | Found a runed translucent door.
  2175 | D:2      | Noticed Crazy Yiuf
  2285 | D:2      | Killed Crazy Yiuf
  2330 | D:3      | Found a hide-covered altar of Uskayaw.
  2349 | D:3      | Reached skill level 1 in Summonings
  2349 | D:3      | Reached skill level 5 in Ice Magic
  2427 | D:3      | Reached XP level 6. HP: 41/45 MP: 6/12
  2535 | D:3      | Noticed Grinder
  2550 | D:3      | Killed Grinder
  2778 | D:3      | Your scales start taking on a dull iron-grey colour.
  2778 | D:3      | Reached XP level 7. HP: 50/50 MP: 10/14
  2778 | D:3      | Gained mutation: You can survive without breathing. [Grey
                  | Draconian growth]
  2969 | D:3      | Reached skill level 5 in Spellcasting
  3255 | D:3      | Noticed Ijyb
  3262 | D:3      | Killed Ijyb
  3454 | D:3      | Found a burning altar of Makhleb.
  3499 | D:3      | Found a glowing silver altar of Zin.
  3499 | D:3      | Noticed a blizzard demon
  3499 | D:3      | Noticed an angel
  4140 | D:4      | Found Nyruhoab's Elemental Accessories.
  4164 | D:4      | Noticed Natasha
  4169 | D:4      | Killed Natasha
  4296 | D:4      | Noticed Natasha
  4303 | D:4      | Killed Natasha
  4314 | D:4      | Noticed Robin
  4326 | D:4      | Killed Robin
  4353 | D:4      | Reached XP level 8. HP: 43/57 MP: 10/16
  4390 | D:4      | Noticed Natasha
  4400 | D:4      | Killed Natasha
  4976 | D:5      | Entered Level 5 of the Dungeon
  5044 | D:5      | Found a runed translucent gate.
  5044 | D:5      | Found a runed translucent gate.
  5044 | D:5      | Found a runed translucent gate.
  5045 | D:5      | Found an opulent altar of Gozag.
  5048 | D:5      | Noticed Freyura's ghost (novice TrBe)
  5156 | D:5      | Found a glowing drain.
  5185 | Sewer    | Entered a sewer
  5701 | D:5      | Found a bloodstained altar of Trog.
  5732 | D:5      | Reached skill level 5 in Summonings
  5857 | D:5      | Found a hazy altar of Hepliaklqana.
  5857 | D:5      | Found a faded altar of an unknown god.
  5862 | D:5      | Found a blossoming altar of Fedhas.
  5864 | D:5      | Found an opulent altar of Gozag.
  5865 | D:5      | Found a shimmering blue altar of Sif Muna.
  5925 | D:5      | Became a worshipper of Sif Muna the Loreminder
  5977 | D:5      | Found a staircase to the Ecumenical Temple.
  6076 | D:5      | Found a basalt altar of Yredelemnul.
  6859 | D:6      | Found an ancient bone altar of Kikubaaqudgha.
  6859 | D:6      | Found Ononal's Profane Products.
  6866 | D:6      | Reached skill level 1 in Fighting
  7192 | D:7      | Reached skill level 1 in Invocations
  7211 | D:7      | Noticed Menkaure
  7222 | D:7      | Killed Menkaure
  7600 | D:7      | Found a basalt altar of Yredelemnul.
  7802 | D:7      | Reached XP level 9. HP: 68/68 MP: 19/19
  7865 | D:7      | Reached * piety under Sif Muna
  8505 | D:8      | Noticed Erica
  8522 | D:8      | Killed Erica
  8821 | D:8      | Reached ** piety under Sif Muna
  9241 | D:8      | Noticed a two-headed ogre
  9253 | D:8      | Killed a two-headed ogre
  9346 | D:8      | Reached skill level 5 in Invocations
  9395 | D:8      | Found an ancient bone altar of Kikubaaqudgha.
  9504 | D:8      | Learned a level 4 spell: Throw Icicle
  9521 | D:9      | Noticed a two-headed ogre
  9523 | D:9      | Noticed a troll
  9528 | D:8      | Reached skill level 5 in Dodging
  9768 | D:8      | Reached skill level 1 in Shields
  9768 | D:8      | Reached XP level 10. HP: 76/78 MP: 21/21
 10299 | D:9      | Reached *** piety under Sif Muna
 10437 | D:9      | Killed a two-headed ogre
 10458 | D:9      | Found a staircase to the Lair.
 10691 | D:9      | Found a shattered altar of Ashenzari.
 10799 | D:9      | Found a snail-covered altar of Cheibriados.
 10807 | D:10     | Entered Level 10 of the Dungeon
 11919 | Lair:1   | Entered Level 1 of the Lair of Beasts
 11931 | Lair:1   | Reached XP level 11. HP: 78/84 MP: 24/24
 12041 | Lair:1   | Reached **** piety under Sif Muna
 12181 | Lair:1   | Noticed an orange crystal statue
 12187 | Lair:1   | Noticed an eight-headed hydra
 12620 | Lair:1   | Noticed Gastronok
 12631 | Lair:1   | Killed Gastronok
 12828 | Lair:1   | Identified a scroll of acquirement
 12960 | D:6      | Bought a +2 demon whip of electrocution for 495 gold pieces
 13211 | Lair:2   | Reached skill level 1 in Maces & Flails
 13467 | Lair:2   | Got a clouded copper ring
 13469 | Lair:2   | Identified the ring "Reucef" {+Fly rC+} (You acquired it on
                  | level 2 of the Lair of Beasts)
 13733 | Lair:2   | Noticed Nergalle
 13768 | Lair:2   | Killed Nergalle
 14270 | Lair:2   | You fall into a shaft and drop 1 floor!
 14335 | Lair:3   | Found a staircase to the Snake Pit.
 14951 | Lair:3   | Noticed a seven-headed hydra
 14964 | Lair:3   | Killed a seven-headed hydra
 15054 | Lair:3   | Found a staircase to the Swamp.
 15489 | Lair:3   | Got a twisted trident
 15490 | Lair:3   | Identified the +6 trident "Wubuvim" {flame, Str+2} (You
                  | found it on level 3 of the Lair of Beasts)
 15499 | Lair:3   | Reached skill level 10 in Spellcasting
 16050 | Lair:3   | Reached XP level 12. HP: 36/92 MP: 11/26
 16676 | Lair:4   | Reached skill level 5 in Conjurations
 16742 | Lair:4   | Reached skill level 5 in Fighting
 17115 | Lair:4   | Reached ***** piety under Sif Muna
 17115 | Lair:4   | Reached skill level 5 in Maces & Flails
 17429 | Lair:4   | Identified Oheill's Volume of Supportive Attacks (Sif Muna
                  | gifted it to you on level 4 of the Lair of Beasts)
 17429 | Lair:4   | Received a gift from Sif Muna
 17904 | Lair:5   | Noticed a five-headed hydra
 17918 | Lair:5   | Killed a five-headed hydra
 18010 | Lair:5   | Noticed a catoblepas
 18026 | Lair:5   | Killed a catoblepas
 18836 | Lair:6   | Entered Level 6 of the Lair of Beasts
 19075 | Lair:6   | Noticed a catoblepas
 19121 | Lair:6   | Killed a catoblepas
 19281 | Lair:6   | Noticed a death yak
 19289 | Lair:6   | Noticed a death yak
 19289 | Lair:6   | Noticed a death yak
 19299 | Lair:6   | Noticed a death yak
 19302 | Lair:6   | Noticed a death yak
 19338 | Lair:6   | Killed a death yak
 19348 | Lair:6   | Killed a death yak
 19357 | Lair:6   | Killed a death yak
 19367 | Lair:6   | HP: 4/100 [death yak (14)]
 19374 | Lair:6   | Killed a death yak
 19384 | Lair:6   | Killed a death yak
 19384 | Lair:6   | Reached XP level 13. HP: 33/105 MP: 9/27
 20657 | Lair:6   | Reached skill level 10 in Dodging
 21287 | Lair:6   | Noticed Kirke
 21335 | Lair:6   | Killed Kirke
 21335 | Lair:6   | Reached skill level 5 in Shields
 21617 | Lair:6   | Found a staircase to the Slime Pits.
 21916 | Lair:6   | Found a blossoming altar of Fedhas.
 22019 | Lair:6   | Found a large runed translucent door.
 22020 | Lair:6   | Found a large runed translucent door.
 22022 | Lair:6   | Noticed Protee's ghost (journeyman GnTm)
 22341 | Lair:6   | Found the +8 lance "Wyrmbane" {slay drac, rPois rF+ rC+
                  | AC+3}
 22737 | D:11     | Found a runed translucent gate.
 22737 | D:11     | Found a runed translucent gate.
 22738 | D:11     | Found a runed translucent gate.
 22972 | D:11     | Noticed Sonja
 22986 | D:11     | Killed Sonja
 23006 | D:11     | HP: 5/107 [poisoned by Sonja (curare-tipped dart)]
 23428 | D:11     | Found Buorul's Jewellery Boutique.
 23486 | D:11     | Identified Sif Muna's Primer on Wizardry (Sif Muna gifted
                  | it to you on level 11 of the Dungeon)
 23486 | D:11     | Received a gift from Sif Muna
 23831 | D:11     | Noticed a cyan very ugly thing
 24013 | D:12     | Found a runed translucent door.
 24019 | D:12     | Found the +10 large shield of Ignorance {rN+ Int-4}
 24034 | D:12     | Found a runed translucent door.
 24110 | D:12     | Noticed Josephine
 24116 | D:12     | Killed Josephine
 24193 | D:12     | Found Mailept's Antique Armour Boutique.
 24209 | D:12     | Bought a shiny buckler for 300 gold pieces
 24660 | D:12     | Reached XP level 14. HP: 103/116 MP: 28/28
 24843 | D:12     | Found a staircase to the Orcish Mines.
 24891 | D:13     | Found a burning altar of Makhleb.
 25025 | Orc:1    | Entered Level 1 of the Orcish Mines
 25442 | Orc:1    | Identified Usoemnih's Volume of Creative Conjuration (Sif
                  | Muna gifted it to you on level 1 of the Orcish Mines)
 25442 | Orc:1    | Received a gift from Sif Muna
 25467 | Orc:1    | Learned a level 8 spell: Lehudib's Crystal Spear
 26013 | Orc:2    | Entered Level 2 of the Orcish Mines
 26514 | Orc:2    | Noticed a stone giant
 26519 | Orc:2    | Found a staircase to the Elven Halls.
 26528 | Orc:2    | Slain by a stone giant

Levels and vault maps discovered:
D:1:      eino_arrival_cavern_e, layout_basic, xom_teletrap_fun
D:2:      layout_basic, nicolae_ru_sacrificial_ziggurat,
          uniq_crazy_yiuf_cottage, uniq_sigmund
D:3:      minmay_goblin_kobold_castle, layout_loops_ring,
          grunt_temple_overflow_order_and_chaos_2,
          eat_drink_and_be_merry_uskayaw, lexackson_kobold_supper, uniq_ijyb,
          uniq_grinder
D:4:      layout_cave_pods, nicolae_elemental_shop, hangedman_decor_riveting,
          minmay_tree_intersection, uniq_natasha, uniq_robin
D:5:      layout_basic, bloody_trog, yredelemnul_forgotten_temple_becter,
          chequers_temple_overflow_minitemple, minmay_temple_entry_wispy,
          cheibrodos_sewer_entry_bend, ebering_ghost_gozag, first_ration,
          chequers_serial_rivers_room_a
D:6:      layout_basic, nicolae_evil_shop
D:7:      layout_cave_pools, basic_altar, uniq_menkaure
D:8:      layout_loops_cross, lemuel_zombie_altar_kikubaaqudgha, grunt_pizzeria,
          minmay_fractal_squares_diagonal_5, uniq_erica
D:9:      layout_cave_pools, kennysheep_mini_moat, lair_entry_dummy,
          ashenzari_altar_1
D:10:     layout_loops_cross, st_stairs_13
D:11:     layout_roguey, serial_shops, shop_fountains,
          ploomutoo_gammafunk_ghost_potion_laboratory, uniq_sonja
D:12:     layout_loops_cross, david_orc_4, serial_shops, shop,
          chequers_guarded_unrand_ignorance, uniq_josephine
D:13:     layout_roguey, basic_altar, eino_house_with_fridge
Lair:1:   layout_layer_cave, disabler_island, uniq_gastronok
Lair:2:   layout_gridlike, serial_bayou_shore_a, uniq_nergalle
Lair:3:   layout_chaotic_city, minmay_swamp_entry_worms,
          guppyfry_snake_entry_island
Lair:4:   layout_roguey, grunt_megastairs_5
Lair:5:   layout_misc_corridors
Lair:6:   evilmike_catoblepas_cave, layout_loops_ring, slime_dummy, basic_altar,
          ebering_ghost_disaster_area, kilobyte_rumbling_trees,
          minmay_lair_oklob_chamber, uniq_kirke
Orc:1:    layout_caves, minmay_orc_keep
Orc:2:    st_orc_town, layout_diamond_mine

Skill      XL: |  1  2  3  4  5  6  7  8  9 10 11 12 13 14 |
---------------+-------------------------------------------+-----
Stealth        | 2 |  2.0
Dodging        | 2 3 5 6 8 9 10 | 10.9
Spellcasting   | 3 4 5 6 7 9 10 | 10.0
Ice Magic      | 4 5 6 7 |  7.0
Summonings     | 1 2 4 5 |  5.1
Fighting       | 2 4 7 8 9 |  9.0
Invocations    | 2 5 7 8 |  8.5
Shields        | 1 4 5 |  5.9
Conjurations   | 4 7 9 |  9.0
Maces & Flails | 4 6 8 9 |  9.1
Earth Magic    | |  0.7

Action                   |  1- 3 |  4- 6 |  7- 9 | 10-12 | 13-15 || total
-------------------------+-------+-------+-------+-------+-------++-------
Melee: Unarmed           |     9 |       |       |       |       ||     9
       Club              |    36 |       |       |       |       ||    36
       Tailslap          |     5 |    11 |    19 |    31 |    44 ||   110
       Spear             |    23 |    66 |       |       |       ||    89
       Quarterstaff      |       |    37 |   159 |       |       ||   196
       Scimitar          |       |       |    36 |    92 |       ||   128
       Demon whip        |       |       |       |   201 |   446 ||   647
       Trident           |       |       |       |     6 |       ||     6
 Cast: Freeze            |    41 |    20 |   153 |    92 |    37 ||   343
       Summon Ice Beast  |       |     5 |    66 |   227 |   135 ||   433
       Throw Icicle      |       |       |       |    45 |    28 ||    73
Invok: Channel Magic     |       |       |       |     4 |       ||     4
Evoke: Wand              |       |       |       |       |     1 ||     1
  Use: Scroll            |     3 |     1 |    15 |    14 |     7 ||    40
       Potion            |       |       |     3 |    11 |     4 ||    18
 Stab: Sleeping          |     2 |     8 |     5 |     2 |     4 ||    21
       Petrifying        |       |       |     1 |       |       ||     1
       Distracted        |       |       |       |     4 |     3 ||     7
       Petrified         |       |       |       |     2 |       ||     2
  Eat: Chunk             |     1 |     6 |    25 |    37 |    25 ||    94
       Ration            |       |       |     2 |     3 |     2 ||     7
Armor: Skin              |    42 |    16 |   192 |   227 |   126 ||   603
Dodge: Dodged            |    58 |    26 |   300 |   417 |   270 ||  1071
Block: Buckler           |       |       |    13 |   130 |   118 ||   261
       Rpst.: Scimitar   |       |       |    24 |    33 |       ||    57

Table legend:
 A = Non-vault XP
 B = Vault XP
 C = Vault XP percentage of total XP
 D = Non-vault monster count
 E = Vault monster count
 F = Vault count percentage of total count
                 A         B        C        D         E       F
            +---------+---------+-------+---------+---------+-------
      Total |   49722 |   21046 |  29.7 |     503 |     200 |  28.4
            +---------+---------+-------+---------+---------+-------
        D:1 |      52 |       0 |   0.0 |      27 |       0 |   0.0
        D:2 |      79 |     233 |  74.7 |      28 |       2 |   6.7
        D:3 |     163 |     620 |  79.2 |      34 |      64 |  65.3
        D:4 |     375 |      59 |  13.6 |      13 |      13 |  50.0
        D:5 |     440 |       6 |   1.3 |       9 |       2 |  18.2
        D:6 |     116 |       0 |   0.0 |       3 |       0 |   0.0
        D:7 |     806 |     101 |  11.1 |      43 |       1 |   2.3
        D:8 |    2973 |     841 |  22.1 |      47 |      12 |  20.3
        D:9 |    1940 |       0 |   0.0 |      25 |       0 |   0.0
       D:10 |    1999 |      46 |   2.2 |      20 |       2 |   9.1
       D:11 |    3176 |     521 |  14.1 |      24 |       1 |   4.0
       D:12 |    3931 |    2312 |  37.0 |      15 |      20 |  57.1
       D:13 |     526 |       0 |   0.0 |       1 |       0 |   0.0
     Lair:1 |    1438 |    1208 |  45.7 |       7 |       3 |  30.0
     Lair:2 |    3018 |    1089 |  26.5 |      25 |       3 |  10.7
     Lair:3 |    4247 |     256 |   5.7 |      18 |       3 |  14.3
     Lair:4 |    4235 |     111 |   2.6 |      25 |       2 |   7.4
     Lair:5 |    7081 |       0 |   0.0 |      38 |       0 |   0.0
     Lair:6 |    8307 |   13261 |  61.5 |      23 |      40 |  63.5
      Orc:1 |    3632 |     270 |   6.9 |      65 |       9 |  12.2
      Orc:2 |    1188 |       0 |   0.0 |      13 |       0 |   0.0
      Sewer |       0 |     112 | 100.0 |       0 |      23 | 100.0
            +---------+---------+-------+---------+---------+-------
